 Dungeon Crawl Stone Soup version 0.26-a0-663-g36e8fdb655 (webtiles) character file.

Game seed: 13856719389867524134

703 marklar909 the Slasher (level 7, -3/55 HPs)
             Began as a Formicid Monk on Oct 12, 2020.
             Slain by an orc warrior
             ... wielding a +0 battleaxe
              (19 damage)
             ... on level 5 of the Dungeon.
             The game lasted 00:10:36 (7636 turns).

marklar909 the Slasher (Formicid Monk)              Turns: 7636, Time: 00:10:37

Health: -3/55      AC:  9    Str: 18    XL:     7   Next: 99%
Magic:  7/7        EV:  8    Int:  9    God:
Gold:   337        SH:  6    Dex: 13    Spells: 6/6 levels left

rFire    . . .     SeeInvis +   a - +1 falchion
rCold    . . .     Faith    .   v - +2 buckler of Articulation {*Contam rElec rPois}
rNeg     . . .     Spirit   .   b - +0 chain mail
rPois    +         Reflect  .   (helmet unavailable)
rElec    +         Harm     .   (no cloak)
rCorr    .         Rampage  .   (no gloves)
MR       .....                  (no boots)
Stlth    ..........             (no amulet)
HPRegen  0.18/turn              (no ring)
MPRegen  0.10/turn              (no ring)

@: no status effects
A: permanent stasis, dig shafts and tunnels, four strong arms, antennae 3
a: Dig, Shaft Self


You were on level 5 of the Dungeon.
You visited 1 branch of the dungeon, and saw 6 of its levels.

You collected 337 gold pieces.

Inventory:

Hand Weapons
 a - a +1 falchion (weapon)
Missiles
 j - 49 bolts
Armour
 b - a +0 chain mail (worn)
 s - a +1 scale mail of positive energy
 v - the +2 buckler of Articulation (worn) {*Contam rElec rPois}
   (You found it on level 4 of the Dungeon)

   It insulates you from electricity.
   It protects you from poison.
   It causes magical contamination when unequipped.
Wands
 t - a wand of polymorph (9)
Scrolls
 c - a scroll of blinking {unknown}
 e - 2 scrolls of enchant weapon
 f - 6 scrolls of identify
 g - 4 scrolls of remove curse
 h - a scroll of immolation {unknown}
 l - 2 scrolls of amnesia
 o - 3 scrolls of fog {unknown}
 p - a scroll of noise {unknown}
 r - a scroll of enchant armour {unknown}
 u - a scroll of random uselessness {unknown}
Potions
 d - 3 potions of heal wounds
 i - a potion of degeneration {unknown}
 k - 4 potions of curing {unknown}
 m - a potion of haste {unknown}
 n - a potion of stabbing {unknown}


   Skills:
 * Level 4.9 Fighting
 + Level 5.5 Long Blades
 + Level 1.6 Throwing
 * Level 3.9 Armour
 + Level 3.7 Dodging
 + Level 3.2 Stealth
 * Level 1.7 Shields


You had 6 spell levels left.
You didn't know any spells.
Your spell library was empty.

Dungeon Overview and Level Annotations

Branches:
Dungeon (6/15)
 Temple: D:4-7

Altars:


Innate Abilities, Weirdness & Mutations

You cannot be hasted, slowed, berserked, paralysed or teleported.
You can dig through walls and to a lower floor.
Your four strong arms can wield two-handed weapons with a shield.
You have a pair of large antennae on your head. (SInv)


Message History

Throwing (i - inventory)
q - a poisoned dart (quivered)
Press: ? - help, Shift-Dir - straight line, f/p - orc warrior
Aim: an orc warrior, wielding a +0 battleaxe and wearing a +0 chain mail (almost dead)
You throw a poisoned dart. The poisoned dart hits the orc warrior.
The orc warrior is poisoned.
The orc warrior is almost dead.
The orc warrior hits you with a +0 battleaxe.
* * * LOW HITPOINT WARNING * * *
The orc warrior looks more healthy.
You see here 11 stones.
There is an open door here.
You see here a poisoned dart.
You see here a poisoned dart.
You see here a poisoned dart.
You see here 16 stones.
You see here a poisoned dart.
You hit the orc warrior but do no damage.
The orc warrior is almost dead.
The orc warrior hits you with a +0 battleaxe!!
You die...

#........# #.#.......########
#........# #.#.####....#
#........# #.#.# #....######
#........#####(#.# #..........
###.............(..# #..........
.##.............(.#####..........
..)..(##........(.'...'..........
.####.##........o.#####..........
.# #.##(.......@.# ####....... .#
#.##.<........# #.......
.####.##.(........# #.......
...##.##...?......# #.......
##(##.##..........# #########
...##.##......>...##### #......#
#####.....(#(.....<...# #......#
......####.########...# #......#
......+.##........#...# #......#


You could see an orc warrior.

Vanquished Creatures
  Edmund (D:5)
  An ogre (D:4)
  A bullfrog (D:4)
  An orc priest (D:4)
  6 worker ants
  4 orc wizards
  6 adders
  A white imp (D:4)
  A dart slug (D:2)
  3 leopard geckos (D:4)
  19 orcs
  7 bats
  3 giant cockroaches
  8 hobgoblins
  6 jackals
  5 kobolds
  4 quokkas
  3 ball pythons
  5 frilled lizards
  A giant cockroach zombie (D:5)
  2 goblins
  5 rats
93 creatures vanquished.

Vanquished Creatures (others)
  7 plants (D:6)
7 creatures vanquished.

Grand Total: 100 creatures vanquished

Notes
Turn   | Place    | Note
-------+----------+-------------------------------------------
     0 | D:1      | marklar909 the Formicid Monk began the quest for the Orb.
     0 | D:1      | Reached XP level 1. HP: 18/18 MP: 1/1
   107 | D:1      | Reached XP level 2. HP: 18/24 MP: 2/2
  1175 | D:1      | Reached XP level 3. HP: 27/30 MP: 3/3
  2427 | D:3      | Reached XP level 4. HP: 37/37 MP: 4/4
  3397 | D:3      | Reached skill level 1 in Armour
  3404 | D:3      | Reached XP level 5. HP: 33/42 MP: 5/5
  3567 | D:3      | Reached skill level 4 in Long Blades
  4104 | D:4      | Noticed an ogre
  4510 | D:3      | Reached XP level 6. HP: 37/48 MP: 6/6
  4881 | D:4      | Killed an ogre
  5419 | D:4      | Reached XP level 7. HP: 35/55 MP: 7/7
  5440 | D:4      | Reached skill level 5 in Long Blades
  5907 | D:5      | Entered Level 5 of the Dungeon
  6105 | D:5      | Reached skill level 1 in Throwing
  6468 | D:4      | Got a distressingly furry buckler
  6474 | D:4      | Identified the +2 buckler of Articulation {*Contam rElec
                  | rPois} (You found it on level 4 of the Dungeon)
  6653 | D:5      | Reached skill level 1 in Shields
  6886 | D:6      | Noticed Edmund
  7224 | D:5      | Killed Edmund
  7636 | D:5      | Slain by an orc warrior

Illustrated notes

Levels and vault maps discovered:
D:1:      lemuel_arrival_lava_pool, layout_loops_cross
D:2:      layout_loops_ring
D:3:      layout_basic
D:4:      layout_rooms, chequers_serial_rivers_micro_b
D:5:      layout_basic
D:6:      layout_loops_ring, minmay_temple_entry_overgrown, serial_shops,
          kennysheep_mini_moat, enter_ossuary_4,
          nicolae_qazlal_eye_of_the_storm, uniq_blork_the_orc, uniq_edmund

Skill      XL: |  1  2  3  4  5  6  7 |
---------------+----------------------+-----
Dodging        | 3 |  3.7
Armour         | 1 2 3 |  3.9
Stealth        | 3 |  3.2
Fighting       | 4 |  4.9
Long Blades    | 4 5 |  5.5
Throwing       | 1 |  1.6
Shields        | 1 |  1.7

Action                   |  1- 3 |  4- 6 |  7- 9 || total
-------------------------+-------+-------+-------++-------
Melee: Falchion          |    95 |   181 |   140 ||   416
Throw: Dart              |       |    17 |    51 ||    68
 Abil: Dig               |       |     3 |       ||     3
  Use: Scroll            |       |     4 |     2 ||     6
       Potion            |       |     1 |       ||     1
 Stab: Sleeping          |     4 |     2 |       ||     6
Armor: Robe              |    10 |       |       ||    10
       Ring mail         |     5 |    51 |    21 ||    77
       Chain mail        |       |       |    45 ||    45
Dodge: Dodged            |    74 |   129 |    86 ||   289
Block: Buckler           |       |       |    22 ||    22
       Rpst.: Falchion   |    23 |    40 |    33 ||    96

Table legend: (Time is in decaauts)
 A = Elapsed time spent in this place.
 B = Non-inter-level travel time spent in this place.
 C = Inter-level travel time spent in this place.
 D = Time resting spent in this place.
 E = Time spent auto-exploring this place.
 F = Levels seen in this place.
 G = Mean time per level.
                   A        B        C        D        E       F      G
               +--------+--------+--------+--------+--------+-----+--------+
         Total |   7681 |   7282 |    399 |   2081 |   3847 |   6 | 1280.2 |
       Dungeon |   7681 |   7282 |    399 |   2081 |   3847 |   6 | 1280.2 |
               +--------+--------+--------+--------+--------+-----+--------+

Top non-repeatable levels by time:
     D:3: 2037 daAuts
     D:4: 1741 daAuts
     D:5: 1403 daAuts
     D:1: 1334 daAuts
     D:2: 1086 daAuts
     D:6: 78 daAuts
